 Dungeon Crawl Stone Soup version 0.29-a0-82-g837932c90e (webtiles) character file.

Game seed: 3509332824838954757

11599 timneilson the Blocker (level 11, -5/67 HPs)
             Began as a Gargoyle Fighter on Feb 5, 2022.
             Was a High Priest of Okawaru.
             Slain by a spatial maelstrom (7 damage)
             ... on level 3 of the Abyss.
             The game lasted 00:23:56 (12382 turns).

timneilson the Blocker (Gargoyle Fighter)          Turns: 12382, Time: 00:23:56

Health: -5/67      AC: 31    Str: 31      XL:     11   Next: 80%
Magic:  15/15      EV:  9    Int:  7 (8)  God:    Okawaru [*****.]
Gold:   1706       SH:  6    Dex:  9      Spells: 10/10 levels left

rFire   . . .      SeeInvis .   a - +1 long sword (venom)
rCold   + . .      Faith    .   c - +0 buckler
rNeg    + . .      Spirit   .   z - +0 plate armour
rPois   ∞          Reflect  .   x - +2 helmet
rElec   +          Harm     .   o - +1 cloak
rCorr   .          Rampage  .   m - +0 pair of gloves
Will    .....      Rnd*Tele +   y - +0 pair of boots
Stlth   ..........              (no amulet)
HPRegen 0.21/turn               b - ring of protection from cold
MPRegen 0.14/turn               v - +6 ring of strength

@: no status effects
A: sickness immunity, AC +8, negative energy resistance 1, electricity
resistance, torment resistance 1, petrification resistance, [deterioration 2],
[teleportitis 2]
a: Renounce Religion, Heroism, Finesse, Duel


You were on level 3 of the Abyss.
You worshipped Okawaru.
Okawaru was extremely pleased with you.
You visited 2 branches of the dungeon, and saw 12 of its levels.
You visited the Abyss 1 time.

You collected 1706 gold pieces.

Inventory:

Hand Weapons
 a - a +1 long sword of venom (weapon)
Armour
 c - a +0 buckler (worn)
 m - a +0 pair of gloves (worn)
 o - a +1 cloak (worn)
 x - a +2 helmet (worn)
 y - a +0 pair of boots (worn)
 z - a +0 plate armour (worn)
Jewellery
 b - a ring of protection from cold (left hand)
 t - an amulet of magic regeneration
 v - a +6 ring of strength (right hand)
Wands
 w - a wand of flame (24)
 C - a wand of polymorph (1)
Scrolls
 g - 5 scrolls of teleportation
 q - 4 scrolls of blinking
 r - 2 scrolls of enchant weapon
 A - a scroll of fog
Potions
 d - a potion of might
 e - 2 potions of mutation
 f - 2 potions of attraction
 h - 4 potions of haste
 i - 2 potions of invisibility
 k - 2 potions of flight
 l - 6 potions of curing
 n - 2 potions of cancellation
 s - a potion of ambrosia
 u - a potion of resistance {unknown}
 B - 2 potions of lignification
 E - 3 potions of brilliance


   Skills:
 + Level 7.3 Fighting
 * Level 7.9 Long Blades
 * Level 9.7 Armour
 + Level 4.7 Dodging
 * Level 9.9 Shields
 + Level 6.0 Invocations
 + Level 4.7 Evocations


You had 10 spell levels left.
You didn't know any spells.
Your spell library contained the following spells:

 Spells                   Type           Power      Damage    Failure   Level
 Beastly Appendage        Tmut           0%         N/A       98%         1
 Wereblood                Tmut           0%         N/A       99%         2
 Dazzling Flash           Conj/Hex       0%         N/A       100%        3
 Spider Form              Tmut/Pois      0%         N/A       100%        3
 Agony                    Necr           0%         N/A       100%        5
 Silence                  Hex/Air        0%         N/A       100%        5


Dungeon Overview and Level Annotations

Branches:
Dungeon (11/15)            Temple (1/1) D:4            Lair (0/6) D:9
    Orc (0/2) D:11

Altars:
Ashenzari
Cheibriados
Dithmenos
Elyvilon
Fedhas
Gozag
Hepliaklqana
Kikubaaqudgha
Makhleb
Nemelex Xobeh
Okawaru
Qazlal
Ru
Sif Muna
Trog
Uskayaw
Vehumet
Wu Jian
Xom
Yredelemnul
Zin
The Shining One
Beogh

Shops:
D:6 *   D:7 *   D:9 =![((

Annotations:
D:10 2 runed translucent doors, snaxamus's ghost, novice DsGl


Innate Abilities, Weirdness & Mutations

You are immune to sickness and miasma.
Your stone body is resilient. (AC +8)
You are immune to poison.
You resist negative energy. (rN+)
You are resistant to electric shocks. (rElec)
You are resistant to unholy torment.
You are immune to petrification.
[Your body often deteriorates upon taking damage.]
[You are sometimes teleported next to monsters.]


Message History

* * * LOW HITPOINT WARNING * * *
You suddenly lose the ability to move!
The wretched star pulses with an eldritch light!
You feel yourself wasting away.
You feel your body start to fall apart.
You can move again.
A chorus of shrieks assaults your mind.
* * * LOW HITPOINT WARNING * * *
Your body deteriorates!
You feel dopey.
The wretched star pulses with an eldritch light!
You feel weirdly uncertain.
You feel even more weirdly uncertain.
Unknown command.
An iron imp comes into view.
The iron imp shouts!
A starcursed mass splits.
A chorus of shrieks assaults your mind.
* * * LOW HITPOINT WARNING * * *
A starcursed mass splits.
The large abomination closely misses you.
You feel like a meek peon again.
A spatial vortex comes into view. 3 spatial vortices come into view.
A spatial maelstrom comes into view.
A spatial vortex comes into view.
A spatial vortex comes into view. x2
A small abomination comes into view.
A spatial vortex comes into view. 2 spatial vortices come into view.
You block the spatial maelstrom's attack.
The spatial maelstrom hits you but does no damage.
A spatial vortex comes into view.
The spatial maelstrom hits you but does no damage. x2
A spatial vortex comes into view.
The spatial vortex barely misses you.
The spatial maelstrom barely misses you.
You block the spatial maelstrom's attack.
The spatial vortex barely misses you.
The starcursed mass shrieks in your mind.
* * * LOW HITPOINT WARNING * * *
The spatial maelstrom barely misses you.
The spatial maelstrom hits you!
You die...

##*##.# # # . #
#.#.#.# ##
#.##.#X.#####...
#.#..*...#...#..
###.###....v..x.
≈....##v...#.##.#
≈.# #..X...# #
≈≈.#.#vvv#..# #
#...@#.##..#
#.v.v..#.## .##
#.v.... ... ##
#.#.##. ..#.# #
#. #. #.. # . #.
..# #. ..# #. #..


You could see a starcursed mass, a spatial maelstrom, 7 spatial vortices and a
large abomination.

Vanquished Creatures
  4 two-headed ogres
  Pikel (D:6)
  5 centaur zombies
  An unseen horror (D:10)
  A kobold demonologist (D:8)
  3 trolls
  Grinder (D:5)
  A shadow (D:10)
  9 yaks
  A wyvern (D:7)
  3 steam dragons
  2 vampire mosquitoes
  Edmund (D:6)
  An acid dragon (D:8)
  Duvessa (D:6)
  6 orc warriors
  A black bear (D:5)
  An ice beast (D:8)
  4 ogres
  2 necrophages (D:5)
  A lemure (D:6)
  A wolf (D:9)
  2 centaurs
  A phantom (D:6)
  6 bullfrogs
  4 kobold brigands
  Dowan (D:6)
  10 killer bees
  9 electric eels
  7 hounds
  An iron imp (D:3)
  2 jellies
  4 orc priests
  3 centaur skeletons
  3 iguanas
  2 orc wizards
  A killer bee zombie (D:6)
  The ghost of axecop the Sneak, a weakling HODe (D:5)
  A hound zombie (D:5)
  5 gnolls
  A howler monkey skeleton (D:7)
  14 adders
  A white imp (D:5)
  2 ufetubi
  2 dart slugs
  38 orcs
  5 bats
  8 endoplasms
  3 giant cockroaches
  5 goblins
  7 hobgoblins
  2 jackals (D:1)
  A quokka (D:2)
  4 ball pythons
  2 frilled lizards
  25 kobolds
  6 rats
240 creatures vanquished.

Vanquished Creatures (others)
  A centaur (D:8)
  12 fungi (D:9)
13 creatures vanquished.

Grand Total: 253 creatures vanquished

Notes
Turn   | Place    | Note
-------+----------+-------------------------------------------
     0 | D:1      | timneilson the Gargoyle Fighter began the quest for the
                  | Orb.
     0 | D:1      | Reached XP level 1. HP: 14/14 MP: 1/1
   110 | D:1      | Reached XP level 2. HP: 17/19 MP: 2/2
   875 | D:1      | Identified a scroll of acquirement
   875 | D:1      | Acquired 961 gold pieces
   895 | D:2      | Reached XP level 3. HP: 23/23 MP: 3/3
  2049 | D:2      | Reached XP level 4. HP: 24/28 MP: 4/4
  2302 | D:3      | Found a snail-covered altar of Cheibriados.
  2359 | D:3      | Reached skill level 1 in Dodging
  2359 | D:3      | Reached XP level 5. HP: 19/33 MP: 5/5
  2907 | D:3      | Identified the +5 battleaxe of Purpose {drain, rElec rC-
                  | Dex+3}
  3471 | D:4      | Identified the +5 dagger of Insomnia {freeze, Str+3 Int+4}
  3481 | D:4      | Found a staircase to the Ecumenical Temple.
  3490 | Temple   | Entered the Ecumenical Temple
  3514 | Temple   | Became a worshipper of Warmaster Okawaru
  3861 | D:4      | Reached XP level 6. HP: 31/38 MP: 6/6
  4667 | D:5      | Entered Level 5 of the Dungeon
  4681 | D:5      | Reached skill level 1 in Invocations
  5072 | D:5      | Noticed a black bear
  5082 | D:5      | Killed a black bear
  5082 | D:5      | Reached * piety under Okawaru
  5083 | D:5      | Reached skill level 5 in Shields
  5083 | D:5      | Reached XP level 7. HP: 17/43 MP: 7/7
  5334 | D:5      | Reached skill level 5 in Armour
  5807 | D:5      | Noticed Grinder
  5820 | D:5      | Killed Grinder
  5821 | D:5      | Reached skill level 1 in Evocations
  5821 | D:5      | Reached XP level 8. HP: 48/48 MP: 7/9
  6002 | D:5      | Found a runed translucent door.
  6002 | D:5      | Noticed axecop's ghost (weakling HODe)
  6418 | D:5      | Killed axecop's ghost
  6468 | D:6      | Reached ** piety under Okawaru
  6490 | D:6      | Noticed Pikel
  6542 | D:6      | Killed Pikel
  6543 | D:6      | Reached skill level 5 in Fighting
  6543 | D:6      | Reached skill level 5 in Long Blades
  6543 | D:6      | Reached XP level 9. HP: 54/54 MP: 9/11
  6593 | D:6      | Noticed Edmund
  6619 | D:6      | Killed Edmund
  6733 | D:6      | Found Imnurol's General Store.
  7461 | D:6      | Noticed Dowan
  7462 | D:6      | Noticed Duvessa
  7515 | D:6      | Killed Duvessa
  7524 | D:6      | Killed Dowan
  7814 | D:7      | Reached *** piety under Okawaru
  8013 | D:7      | Found Meosisie's Assorted Antiques.
  8310 | D:7      | Reached XP level 10. HP: 48/60 MP: 13/13
  8465 | D:7      | Reached **** piety under Okawaru
  9015 | D:8      | Noticed a two-headed ogre
  9026 | D:8      | Killed a two-headed ogre
  9106 | D:8      | Noticed a two-headed ogre
  9116 | D:8      | Killed a two-headed ogre
  9116 | D:8      | Reached ***** piety under Okawaru
  9117 | D:8      | Reached skill level 5 in Invocations
  9244 | D:8      | Noticed a kobold demonologist
  9253 | D:8      | Noticed a soul eater
  9288 | D:8      | Killed a kobold demonologist
  9289 | D:8      | Reached XP level 11. HP: 36/66 MP: 7/14
  9719 | D:9      | Found Eboex's Antique Weapon Shoppe.
  9741 | D:9      | Found Biomasha's Weapon Boutique.
  9993 | D:9      | Found a staircase to the Lair.
 10252 | D:9      | Found Hoisyro's Antique Armour Boutique.
 10317 | D:9      | Found Kiofamuesk's Distillery.
 10556 | D:9      | Found Kevuopon's Jewellery Boutique.
 10839 | D:10     | Entered Level 10 of the Dungeon
 11714 | D:10     | Found a large runed translucent door.
 11714 | D:10     | Found a large runed translucent door.
 11718 | D:10     | Noticed snaxamus's ghost (novice DsGl)
 11786 | D:10     | Noticed a two-headed ogre
 11798 | D:10     | Killed a two-headed ogre
 12154 | D:11     | Reached ****** piety under Okawaru
 12158 | D:11     | Noticed a two-headed ogre
 12168 | D:11     | Killed a two-headed ogre
 12190 | D:11     | Found a staircase to the Orcish Mines.
 12247 | D:11     | Noticed an orc knight
 12254 | D:11     | Cast into level 2 of the Abyss (orc knight)
 12281 | Abyss:3  | Found a snail-covered altar of Cheibriados.
 12342 | Abyss:3  | Noticed a starcursed mass
 12349 | Abyss:3  | Noticed a starcursed mass
 12352 | Abyss:3  | Noticed a large abomination
 12354 | Abyss:3  | Noticed a wretched star
 12360 | Abyss:3  | Paralysed by accursed screaming for 1 turns
 12366 | Abyss:3  | HP: 3/67 [starcursed mass/accursed screaming (8)]
 12375 | Abyss:3  | Noticed a spatial maelstrom
 12381 | Abyss:3  | HP: 1/67 [starcursed mass/accursed screaming (5)]
 12382 | Abyss:3  | Slain by a spatial maelstrom

Illustrated notes

Levels and vault maps discovered:
D:1:      dpeg_arrival_refuge, layout_basic
D:2:      layout_loops_corners, minmay_misc_feat_doors, chequers_arboretum
D:3:      cheibrodos_helix_gallery, layout_loops_cross, slow_altar_1
D:4:      kb_forest_paths, layout_basic, minmay_temple_entry_poolview,
          nicolae_figureground_pulse
D:5:      layout_basic, ebering_ghost_reflecting_pool, uniq_grinder
D:6:      layout_layer_cave, serial_shops, kennysheep_mini_moat, uniq_duvessa,
          uniq_edmund, uniq_pikel
D:7:      layout_cave_pools, serial_shops, nicolae_diamond_shop,
          serial_column_ruins, column_ruins_grid_5, column_ruins_open_small,
          column_ruins_open_small, column_ruins_grid_1, column_ruins_grid_2,
          column_ruins_grid_1, kennysheep_generic_room_9
D:8:      minmay_chambers_of_sevens, layout_cave_pools,
          kennysheep_generic_room_4
D:9:      kennysheep_steamy, layout_basic, erik_lair_island, serial_shops, shop,
          shop_statue, nicolae_shop_hallway_plus, shop, nicolae_stop_n_shop_1
D:10:     layout_loops_ring, ebering_ghost_disaster_area,
          hangedman_decor_slide_cut, skrybe_limestone_x, kennysheep_small_spiral
D:11:     cheibrodos_wizards_tower, layout_cross, david_orc_5,
          eino_tiny_chamber, uniq_nergalle
Temple:   grunt_wide_crystal_templ
Abyss:3:  base: D:5, gammafunk_abyss_rune_reverse_zot,
          gammafunk_abyss_rune_reverse_zot, minivault_20,
          evilmike_abyss_exit_15, minivault_20, evilmike_abyss_exit_mutagenic

Skill      XL: |  1  2  3  4  5  6  7  8  9 10 11 |
---------------+----------------------------------+-----
Long Blades    | 2 3 4 5 6 7 |  7.9
Armour         | 4 5 6 7 8 9 |  9.7
Shields        | 4 5 6 7 9 |  9.9
Dodging        | 1 2 3 4 |  4.7
Fighting       | 4 5 6 7 |  7.3
Invocations    | 1 2 3 4 5 6 |  6.0
Evocations     | 1 2 3 4 |  4.7

Action                   |  1- 3 |  4- 6 |  7- 9 | 10-12 || total
-------------------------+-------+-------+-------+-------++-------
Melee: Long sword        |   120 |   199 |   310 |   428 ||  1057
       Unarmed           |       |       |     1 |       ||     1
Invok: Heroism           |       |       |     7 |    12 ||    19
       Finesse           |       |       |       |     3 ||     3
  Use: Scroll            |     6 |     7 |     5 |     9 ||    27
       Potion            |       |       |       |     4 ||     4
Armor: Scale mail        |    69 |    69 |       |       ||   138
       Chain mail        |       |    79 |   227 |   110 ||   416
       Skin              |       |       |     1 |       ||     1
       Plate armour      |       |       |       |   230 ||   230
Dodge: Dodged            |    61 |    78 |   206 |   191 ||   536
Block: Buckler           |    40 |    48 |    92 |   134 ||   314

Table legend: (Time is in decaauts)
 A = Elapsed time spent in this place.
 B = Non-inter-level travel time spent in this place.
 C = Inter-level travel time spent in this place.
 D = Time resting spent in this place.
 E = Time spent auto-exploring this place.
 F = Levels seen in this place.
 G = Mean time per level.
                   A        B        C        D        E       F      G
               +--------+--------+--------+--------+--------+-----+--------+
         Total |  12495 |  12268 |    227 |    764 |   8735 |  14 |  892.5 |
       Dungeon |  12273 |  12060 |    213 |    764 |   8672 |  11 | 1115.7 |
        Temple |     96 |     82 |     14 |      0 |     63 |   1 |   96.0 |
         Abyss |    125 |    125 |      0 |      0 |      0 |   2 |   62.5 |
               +--------+--------+--------+--------+--------+-----+--------+

Top non-repeatable levels by time:
     D:5: 1836 daAuts
     D:4: 1423 daAuts
     D:2: 1418 daAuts
     D:6: 1340 daAuts
    D:10: 1304 daAuts
     D:8: 1167 daAuts
     D:9: 1146 daAuts
     D:1: 909 daAuts
     D:3: 907 daAuts
     D:7: 735 daAuts
 Abyss:3: 99 daAuts
  Temple: 96 daAuts
    D:11: 82 daAuts
 Abyss:2: 26 daAuts
